 Dungeon Crawl Stone Soup version 0.32-a0-918-g0f22ef8d61 (webtiles) character file.

Game seed: 15192550101138475252

24316 Ruich the Severer (level 12, -1/111 HPs)
             Began as a Minotaur Chaos Knight on Apr 10, 2024.
             Was a Plaything of Xom.
             Slain by a komodo dragon (25 damage)
             ... on level 3 of the Lair of Beasts.
             The game lasted 00:35:36 (18045 turns).

Ruich the Severer (Minotaur Chaos Knight)          Turns: 18045, Time: 00:35:37

Health: -1/111     AC: 17    Str: 22    XL:     12   Next: 79%
Magic:  11/11      EV:  6    Int:  7    God:    Xom [......]
Gold:   1774       SH:  6    Dex: 17    Spells: 9/11 levels left

rFire   + . .        k - +0 war axe (flame)
rCold   . . .        h - +0 buckler
rNeg    + + .        C - +0 plate armour
rPois   +            (helmet restricted)
rElec   .            r - scarf "Zovogh" {repulsion, rPois rN++ Int-5}
rCorr   .            I - +0 pair of gloves
SInv    +            (no boots)
Will    .....        (no amulet) Stlth
                     y - +6 ring of strength
HPRegen 0.38/turn    d - ring of see invisible
MPRegen 0.12/turn

%: repel missiles
@: especially stealthy
A: horns 2, retaliatory headbutt, agile 1, clever 1, fire resistance 1, shaggy
fur 1
a: Renounce Religion


You were on level 3 of the Lair of Beasts.
You worshipped Xom.
You were a very special plaything of Xom.
You visited 2 branches of the dungeon, and saw 13 of its levels.

You collected 1774 gold pieces.


Innate Abilities, Weirdness & Mutations

You have a pair of horns on your head.
You reflexively headbutt those who attack you in melee.
You are agile. (Dex +4, Str/Int -1)
Your mind is acute. (Int +4, Str/Dex -1)
Your flesh is heat resistant. (rF+)
You are covered in fur. (AC +1)


   Skills:
 + Level 11.6 Fighting
 * Level 15.6 Axes
 - Level 7.7 Throwing
 + Level 11.1 Armour
 - Level 1.3 Dodging
 - Level 6.3 Shields
 - Level 6.7 Evocations


You had 9 spell levels left.
You knew the following spells:

 Your Spells              Type           Power      Damage    Failure   Level
B - Blink                 Tloc           0%         N/A       100%        2

Your spell library contained the following spells:

 Spells                   Type           Power      Damage    Failure   Level
 Necrotise                Necr           0%         1d4       100%        1
 Shock                    Conj/Air       0%         1d3       100%        1
 Ensorcelled Hibernation  Hex/Ice        0%         N/A       100%        2
 Fugue of the Fallen      Necr           0%         N/A       100%        3
 Hailstorm                Conj/Ice       0%         3d5       100%        3
 Swiftness                Air            0%         N/A       100%        3
 Airstrike                Air            0%         2d(0-16)  100%        4
 Anguish                  Hex/Necr       0%         N/A       100%        4
 Iskenderun's Mystic Bla Conj/Tloc 0%             2d3        (+2d1     100%        4
 Freezing Cloud           Conj/Ice/Air   0%         6-21      100%        5
 Permafrost Eruption      Ice/Erth       0%         2x4d1     100%        6

Inventory:

Hand Weapons
 k - a +0 war axe of flaming (weapon)
 o - a +1 whip of electrocution
 L - a +2 battleaxe
 M - a +0 war axe
Missiles
 b - a throwing net {=f}
 g - 19 boomerangs
 z - 4 javelins
 A - 50 poisoned darts
 E - an atropa-tipped dart
 J - 3 datura-tipped darts (quivered)
Armour
 h - a +0 buckler (worn)
 r - the scarf "Zovogh" (worn) {repulsion, rPois rN++ Int-5}
   (You found it on level 1 of the Lair of Beasts)

   Int-5:     It affects your intelligence (-5).
   rPois:     It protects you from poison.
   rN++:      It greatly protects you from negative energy.
 C - a +0 plate armour (worn)
 I - a +0 pair of gloves (worn)
Jewellery
 d - a ring of see invisible (right hand)
 j - a ring of wizardry
 m - a ring of magical power
 x - a ring of fire
 y - a +6 ring of strength (left hand)
 F - a ring of magical power
 P - a +6 ring of dexterity
Wands
 c - a wand of flame (12)
 e - a wand of paralysis (17)
 q - a wand of warping (7)
 s - a wand of acid (22)
 w - a wand of mindburst (7)
 H - a wand of polymorph (12)
Scrolls
 a - 2 scrolls of identify {@r1}
 u - a scroll of fear
 v - a scroll of torment
 B - 2 scrolls of poison
 G - a scroll of immolation
 K - 3 scrolls of teleportation {@r2}
Potions
 f - 5 potions of curing {@q1}
 i - 3 potions of resistance
 l - 3 potions of brilliance
 n - a potion of cancellation {unknown}
 p - a potion of heal wounds {@q2}
 t - 2 potions of mutation
 D - a potion of magic
 O - 3 potions of enlightenment {unknown}
Miscellaneous
 N - a tin of tremorstones (2/2)

Dungeon Overview and Level Annotations

Branches:
Dungeon (10/15) Zot: 25243  Temple (0/1) D:4            Lair (3/5) D:8 Zot: 13685
  Snake (0/4) Lair:2
  Swamp: Lair:2-3    Shoals: Lair:2-3       Orc: D:9-12

Altars:
Ashenzari
Cheibriados
Dithmenos
Elyvilon
Hepliaklqana
Kikubaaqudgha
Makhleb
Ru
Sif Muna
Trog
Wu Jian
Xom

Shops:
D:5 [(   D:8 :

Annotations:
Lair:1 Amaemon, Erica

....... .......
....... .......
.......
###....P## #
##.†......#
##.##l##......#
#P..@.......++#
##...###....#
#..... ....#
##..s## .Y..#
#.###


Y.Y.P #. ...Y## #. #+ You could see a komodo dragon and an orb spider (charged).


Message History

You hold your ground!
The elephant trunk-slaps you. The komodo dragon bites you!
* * * LOW HITPOINT WARNING * * *
Unknown command.
You slash the elephant! You burn the elephant. You headbutt the elephant.
The elephant is heavily wounded.
You slash the komodo dragon! You burn the komodo dragon.
The elephant closely misses you.
The elephant trunk-slaps you but does no damage.
You slash the elephant! You burn the elephant. You headbutt the elephant.
The elephant is severely wounded.
You slash the komodo dragon! You burn the komodo dragon.
The komodo dragon bites you!!
* * * LOW HITPOINT WARNING * * *
The elephant tramples you but does no damage.
The elephant trunk-slaps you.
* * * LOW HITPOINT WARNING * * *
You slice the elephant!! You burn the elephant!
You kill the elephant!
You completely miss the komodo dragon.
The komodo dragon bites you but does no damage.
The orb spider spins a strand of pure energy.
Unknown command.
You see here an elephant corpse.
Unknown command.
There is a stone staircase leading up here.
Unknown command.
The komodo dragon bites you!!
You die...
Xom chortles!

Skill      XL: |  1  2  3  4  5  6  7  8  9 10 11 12 |
---------------+-------------------------------------+-----
Axes           | 4 5 6 7 8 10 12 13 15 | 15.6
Fighting       | 4 5 6 7 9 10 11 | 11.6
Shields        | 1 2 3 4 5 6 |  6.3
Armour         | 3 4 5 6 7 8 9 11 | 11.1
Throwing       | 1 2 3 4 6 7 |  7.7
Evocations     | 1 2 3 4 5 6 |  6.7
Dodging        | |  1.3

Action                     |  1- 3 |  4- 6 |  7- 9 | 10-12 || total
---------------------------+-------+-------+-------+-------++-------
  Melee: Hand axe          |    69 |   106 |   258 |    16 ||   449
         Headbutt          |    10 |    11 |    78 |   128 ||   227
         War axe           |       |       |       |   520 ||   520
  Throw: Boomerang         |       |       |     5 |     5 ||    10
         Dart              |       |       |       |     3 ||     3
         Javelin           |       |       |       |     3 ||     3
  Evoke: Wand              |       |       |     8 |    16 ||    24
    Use: Scroll            |       |     6 |    10 |     6 ||    22
         Potion            |       |       |     4 |     3 ||     7
   Stab: Petrified         |     3 |       |     3 |     2 ||     8
         Paralysed         |     1 |     1 |     3 |     9 ||    14
         Confused          |       |       |     3 |     9 ||    12
         Held in net/web   |       |       |     2 |       ||     2
         Sleeping          |       |       |     1 |     3 ||     4
         Distracted        |       |       |       |     1 ||     1
 Armour: Leather armour    |    39 |    66 |       |       ||   105
         Chain mail        |       |     1 |   192 |   144 ||   337
         Plate armour      |       |       |       |   506 ||   506
  Dodge: Dodged            |    41 |    63 |    79 |   196 ||   379
         Repelled          |       |       |       |     2 ||     2
  Block: Buckler           |    11 |    22 |    80 |   199 ||   312

Levels and vault maps discovered:
D:1:      dpeg_arrival_arbitrary_a, layout_basic
D:2:      layout_loops_cross, dreamdust_ecumenical_altar_statues, uniq_terence,
          uniq_crazy_yiuf_cottage, uniq_robin
D:3:      layout_loops_corners, grunt_temple_overflow_champion_of_chaos
D:4:      minmay_opposing_rooms, layout_loops_ring, temple_statues,
          lightli_minifort
D:5:      layout_loops_cross, kennysheep_mini_moat, serial_shops,
          nicolae_shop_real_fake_doors, nicolae_shop_firing_range,
          uniq_menkaure, uniq_sigmund
D:6:      layout_layer_cave, nicolae_wu_jian_glorious_leap
D:7:      layout_basic, lemuel_mausoleum_altar_kikubaaqudgha,
          kennysheep_generic_room_2
D:8:      minmay_skewed_foursquare, layout_gridville,
          mainiacjoe_overflow_cross_hatched, trog_butcher_becter,
          lair_entry_dummy, serial_shops, nicolae_book_shop_shelving
D:9:      layout_loops_cross, mainiacjoe_overflow_concentric_impassable,
          gammafunk_temple_overflow_statue, uniq_grum, uniq_pikel
D:10:     dreamdust_cave_troll, layout_rooms,
          mainiacjoe_overflow_six_doors_small
Lair:1:   layout_gridlike, uniq_nergalle
Lair:2:   layout_gridlike, minmay_snake_entry_spellcaster, basic_altar,
          uniq_amaemon, uniq_erica
Lair:3:   layout_regular_city, elwin_shoals_entry_stream,
          chequers_serial_rivers_micro_c, serial_bayou_pond_e

Notes
Turn   | Place    | Note
-------+----------+-------------------------------------------
     0 | D:1      | Ruich the Minotaur Chaos Knight began the quest for the
                  | Orb.
     0 | D:1      | Reached XP level 1. HP: 19/19 MP: 0/0
   452 | D:1      | XOM: divination: detect creatures
   887 | D:2      | Reached XP level 2. HP: 27/27 MP: 1/1
   905 | D:2      | Reached skill level 4 in Axes
  1212 | D:2      | XOM: confusion (+ monsters)
  1217 | D:2      | Reached skill level 4 in Fighting
  1222 | D:2      | Reached XP level 3. HP: 32/33 MP: 2/2
  1309 | D:2      | Noticed Robin
  1314 | D:2      | Reached skill level 1 in Shields
  1319 | D:2      | Noticed Terence
  1321 | D:2      | XOM: enchant monster (good)
  1323 | D:2      | XOM: blink monster(s)
  1336 | D:2      | Killed Terence
  1337 | D:2      | Reached skill level 3 in Armour
  1345 | D:2      | Killed Robin
  1346 | D:2      | Reached XP level 4. HP: 38/40 MP: 3/3
  1418 | D:2      | Found a faded altar of an unknown god.
  1456 | D:2      | Found a runed translucent door.
  1457 | D:2      | Noticed Crazy Yiuf
  1700 | D:2      | Killed Crazy Yiuf
  1701 | D:2      | Reached skill level 5 in Axes
  2164 | D:3      | Reached skill level 2 in Shields
  2211 | D:3      | XOM: noise
  2395 | D:3      | Found a burning altar of Makhleb.
  2395 | D:3      | Found a shimmering altar of Xom.
  2407 | D:3      | Reached XP level 5. HP: 38/47 MP: 4/4
  3109 | D:4      | XOM: chaos upgrade
  3115 | D:4      | XOM: summons friendly crimson imp
  3231 | D:3      | Reached skill level 6 in Axes
  3231 | D:3      | Reached skill level 4 in Armour
  3231 | D:3      | Reached skill level 3 in Shields
  3231 | D:3      | Reached XP level 6. HP: 55/55 MP: 5/5
  3340 | D:4      | Reached skill level 5 in Fighting
  3632 | D:4      | XOM: give mutations
  3632 | D:4      | Gained mutation: Your body sometimes deteriorates upon
                  | taking damage. [Xom's mischief]
  3632 | D:4      | Gained mutation: Your flesh is cold resistant. (rC+) [Xom's
                  | mischief]
  3660 | D:4      | XOM: god gift: forked lead wand {god gift}
  3690 | D:4      | XOM: 3-stop teleportation journey
  3714 | D:4      | Found a staircase to the Ecumenical Temple.
  3973 | D:4      | Reached skill level 1 in Throwing
  4111 | D:4      | XOM: silly message
  4327 | D:4      | XOM: give mutations
  4327 | D:4      | Gained mutation: You are dopey. (Int -2) [Xom's mischief]
  4327 | D:4      | Lost mutation: Your body sometimes deteriorates upon taking
                  | damage. [Xom's mischief]
  4494 | D:4      | XOM: give mutations
  4494 | D:4      | Gained mutation: You are agile. (Dex +4, Str/Int -1) [Xom's
                  | mischief]
  4494 | D:4      | Lost mutation: Your flesh is cold resistant. (rC+) [Xom's
                  | mischief]
  4504 | D:5      | Entered Level 5 of the Dungeon
  4507 | D:5      | Noticed Sigmund
  4507 | D:5      | XOM: fog
  4508 | D:5      | Noticed a water moccasin
  4509 | D:5      | Noticed Menkaure
  4510 | D:5      | XOM: snakes to sticks
  4517 | D:5      | XOM: enchant monster (good)
  4589 | D:4      | XOM: 8-stop teleportation journey
  4597 | D:4      | XOM: god gift: scroll labelled QUXZIMM OMOAPA {god gift}
  4961 | D:5      | XOM: 4-stop teleportation journey
  4962 | D:5      | XOM: cast spell 'Alistair's Intoxication'
  4965 | D:5      | Reached skill level 1 in Evocations
  4965 | D:5      | Reached XP level 7. HP: 61/61 MP: 6/6
  4966 | D:5      | XOM: divination: detect creatures
  5073 | D:5      | XOM: 1-stop teleportation journey
  5082 | D:5      | Found Ineykef's Firing Range.
  5115 | D:5      | Found Qoojoce's Antique Armour Emporium.
  5126 | D:5      | XOM: god gift: wand of paralysis (7)
  5223 | D:5      | Killed Sigmund
  5224 | D:5      | Reached skill level 7 in Axes
  5224 | D:5      | Reached skill level 2 in Throwing
  5224 | D:5      | Reached skill level 4 in Shields
  5317 | D:5      | Reached skill level 5 in Armour
  5386 | D:5      | Found a snail-covered altar of Cheibriados.
  5402 | D:5      | Noticed a yak
  5402 | D:5      | Noticed a yak
  5413 | D:5      | Noticed a yak
  5414 | D:5      | Noticed a yak
  5415 | D:5      | XOM: cleaving
  5417 | D:5      | Killed a yak
  5418 | D:5      | Reached skill level 2 in Evocations
  5418 | D:5      | Reached XP level 8. HP: 61/70 MP: 7/7
  5420 | D:5      | Reached skill level 6 in Fighting
  5422 | D:5      | XOM: cleaving
  5424 | D:5      | Reached skill level 8 in Axes
  5425 | D:5      | Reached skill level 3 in Throwing
  5425 | D:5      | Reached skill level 5 in Shields
  5613 | D:5      | Reached skill level 3 in Evocations
  5706 | D:5      | Killed Menkaure
  5719 | D:5      | Reached skill level 6 in Armour
  5719 | D:5      | Reached XP level 9. HP: 78/78 MP: 8/8
  5860 | D:5      | Identified 2 potions of resistance
  6097 | D:6      | Got the Tome of the Geodesic
  6101 | D:6      | Learned a level 2 spell: Blink
  6377 | D:6      | XOM: scenery: summon butterflies
  6439 | D:6      | XOM: 3-stop teleportation journey
  6505 | D:6      | XOM: scenery: create altars
  6590 | D:6      | Found an ornate altar of the Wu Jian Council.
  6593 | D:6      | XOM: scenery: 1 doors close
  6765 | D:6      | XOM: god gift: 23 gold pieces
  6872 | D:6      | XOM: god gift: wand of acid (4)
  7211 | D:6      | XOM: divination: magic mapping
  7314 | D:7      | XOM: 1-stop teleportation journey
  7323 | D:7      | Reached skill level 9 in Axes
  7345 | D:7      | Reached skill level 7 in Fighting
  7351 | D:7      | XOM: 1-stop teleportation journey
  7528 | D:7      | XOM: divination: detect items
  7699 | D:7      | XOM: 2-stop teleportation journey
  7747 | D:7      | Reached skill level 4 in Throwing
  7838 | D:7      | Found an ancient bone altar of Kikubaaqudgha.
  7998 | D:7      | XOM: confusion (+ monsters)
  8019 | D:7      | Reached skill level 6 in Shields
  8043 | D:7      | XOM: 1-stop teleportation journey
  8154 | D:7      | XOM: enchant monster (bad)
  8560 | D:7      | XOM: silly message
  8585 | D:7      | Reached skill level 10 in Axes
  8585 | D:7      | Reached skill level 4 in Evocations
  9038 | D:7      | Reached skill level 7 in Armour
  9232 | D:7      | XOM: cloud trail
  9366 | D:8      | Found Eklo's Book Shop.
  9474 | D:8      | XOM: noise
  9477 | D:8      | Reached XP level 10. HP: 85/88 MP: 9/9
  9514 | D:8      | XOM: polymorph orc wizard -> shapeshifter
  9549 | D:8      | XOM: 7-stop teleportation journey
  9557 | D:8      | Found a sacrificial altar of Ru.
  9571 | D:8      | Reached skill level 8 in Fighting
  9571 | D:8      | Reached skill level 5 in Throwing
  9616 | D:8      | Found a bloodstained altar of Trog.
  9760 | D:8      | XOM: god gift: tin of tremorstones (2/2)
  9886 | D:8      | Found a staircase to the Lair.
  9997 | D:8      | XOM: confuse monster(s)
 10227 | D:8      | XOM: 2-stop teleportation journey
 10290 | D:8      | Reached skill level 11 in Axes
 10570 | D:9      | Noticed Grum
 10581 | D:9      | XOM: summons 6 friendly demons
 10742 | D:8      | Killed Grum
 10816 | D:9      | XOM: enchant monster (good)
 10837 | D:9      | Reached skill level 5 in Evocations
 10855 | D:9      | XOM: divination: detect items
 10875 | D:9      | Reached skill level 8 in Armour
 10883 | D:9      | Identified the +9 glaive of Cowardice {flame, rPois rF-
                  | Str+5}
 10940 | D:9      | XOM: 1-stop teleportation journey
 10988 | D:9      | XOM: noise
 11306 | D:9      | Noticed Pikel
 11316 | D:9      | XOM: confuse monster(s)
 11320 | D:9      | Killed Pikel
 11380 | D:9      | Found a shimmering blue altar of Sif Muna.
 11414 | D:9      | Noticed a two-headed ogre
 11424 | D:9      | Killed a two-headed ogre
 11425 | D:9      | Reached skill level 9 in Fighting
 11425 | D:9      | Reached skill level 6 in Throwing
 11651 | D:9      | Found a white marble altar of Elyvilon.
 11651 | D:9      | Found a broken altar of Ashenzari.
 11710 | D:9      | Got the Vademecum on the Rotting Blizzard
 11997 | D:10     | Entered Level 10 of the Dungeon
 12003 | D:9      | XOM: confuse monster(s)
 12005 | D:9      | Reached skill level 12 in Axes
 12009 | D:9      | Reached XP level 11. HP: 53/97 MP: 10/10
 12021 | D:9      | XOM: silly message
 12450 | D:10     | XOM: 1-stop teleportation journey
 12793 | D:10     | Found a hazy altar of Hepliaklqana.
 13072 | D:10     | XOM: god gift: 32 gold pieces
 13092 | D:10     | Noticed a purple ugly thing
 13105 | D:10     | Killed a purple ugly thing
 13205 | D:10     | Noticed a deep troll
 13205 | D:10     | XOM: cleaving
 13213 | D:10     | Killed a deep troll
 13320 | D:10     | XOM: give mutations
 13320 | D:10     | Gained mutation: Your flesh is heat resistant. (rF+) [Xom's
                  | grace]
 13320 | D:10     | Lost mutation: You are dopey. (Int -2) [Xom's grace]
 13349 | D:10     | XOM: god gift: staff of fire
 13477 | Lair:1   | Entered Level 1 of the Lair of Beasts
 13479 | Lair:1   | Noticed Nergalle
 13488 | Lair:1   | XOM: destruction
 13491 | Lair:1   | HP: 7/88 [spectral orc knight/+0 halberd[Nergalle] (9)]
 13492 | Lair:1   | Killed Nergalle
 13634 | D:8      | XOM: cloud trail
 13662 | Lair:1   | XOM: summons 11 friendly demons
 13797 | D:8      | XOM: cloud trail
 13821 | Lair:1   | Reached skill level 9 in Armour
 13837 | Lair:1   | Identified the +5 morningstar of the Vaults {heavy, Int+2
                  | Stlth+}
 13978 | Lair:1   | XOM: scenery: summon butterflies
 13980 | Lair:1   | XOM: fog
 13988 | Lair:1   | Reached skill level 6 in Evocations
 13991 | Lair:1   | XOM: 1-stop teleportation journey
 13992 | Lair:1   | Reached skill level 13 in Axes
 14066 | Lair:1   | XOM: cleaving
 14073 | Lair:1   | XOM: god gift: 836 gold pieces
 14077 | Lair:1   | Reached skill level 7 in Throwing
 14575 | Lair:1   | XOM: scenery: create altars
 14604 | Lair:1   | XOM: blink monster(s)
 14609 | Lair:1   | Reached skill level 10 in Fighting
 14802 | Lair:1   | HP: 9/99 [poisoned by a cane toad]
 14807 | Lair:1   | HP: 5/99 [poisoned by a cane toad]
 15167 | Lair:1   | XOM: silly message
 15177 | Lair:1   | XOM: cast spell 'Summon Small Mammal'
 15180 | Lair:1   | XOM: divination: detect creatures
 15187 | Lair:1   | Reached XP level 12. HP: 67/107 MP: 11/11
 15193 | Lair:1   | XOM: cleaving
 15416 | Lair:1   | Identified the scarf "Zovogh" {repulsion, rPois rN++ Int-5}
 15628 | Lair:2   | XOM: summons 8 friendly demons
 15635 | Lair:2   | Reached skill level 14 in Axes
 15729 | Lair:1   | XOM: divination: detect items
 15924 | Lair:2   | Reached skill level 10 in Armour
 16014 | Lair:2   | XOM: chaos cloud
 16031 | Lair:2   | XOM: enchant monster (good)
 16035 | Lair:2   | XOM: summons friendly ufetubus
 16040 | Lair:2   | XOM: destruction
 16041 | Lair:2   | XOM: summons 5 friendly demons
 16107 | Lair:1   | XOM: god gift: wand of polymorph (6)
 16113 | Lair:1   | XOM: scenery: create altars
 16291 | Lair:2   | Noticed Amaemon
 16294 | Lair:2   | Noticed Erica
 16296 | Lair:2   | XOM: summons friendly ufetubus
 16415 | Lair:1   | XOM: divination: detect items
 16453 | Lair:1   | XOM: give mutations
 16453 | Lair:1   | Gained mutation: Your mind is acute. (Int +4, Str/Dex -1)
                  | [Xom's grace]
 16453 | Lair:1   | Gained mutation: You are covered in fur. (AC +1) [Xom's
                  | grace]
 16563 | Lair:2   | Found a staircase to the Snake Pit.
 16592 | Lair:2   | Found a shadowy altar of Dithmenos.
 16643 | Lair:2   | XOM: fake destruction
 16646 | Lair:2   | Reached skill level 11 in Fighting
 16821 | Lair:2   | XOM: summons 4 friendly demons
 16830 | Lair:2   | XOM: confusion
 17208 | Lair:2   | XOM: confuse monster(s)
 17217 | Lair:2   | Reached skill level 15 in Axes
 17223 | Lair:2   | XOM: 3-stop teleportation journey
 17443 | Lair:2   | XOM: chaos cloud
 17876 | Lair:2   | Identified the +7 shortbow "Kolonulu" {flame, rPois rCorr
                  | Str+3}
 18014 | Lair:3   | XOM: stealth player
 18033 | Lair:3   | Reached skill level 11 in Armour
 18033 | Lair:3   | XOM: polymorph elephant -> elephant
 18035 | Lair:3   | XOM: polymorph elephant -> orb spider
 18045 | Lair:3   | Slain by a komodo dragon

Vanquished Creatures
  A two-headed ogre (D:9)
  Nergalle (Lair:1)
  A deep troll (D:10)
  Pikel (D:9)
  An ugly thing (D:10)
  14 elephants
  A guardian serpent (Lair:2)
  A black mamba (Lair:1)
  4 cane toads
  A torpor snail (Lair:2)
  3 komodo dragons (Lair:1)
  2 polar bears (Lair:2)
  2 trolls (D:10)
  8 blink frogs
  Sigmund (D:5)
  24 yaks
  Grum (D:8)
  3 steam dragons
  6 water moccasins
  4 black bears
  7 orc warriors
  An ogre (D:5)
  13 wolves
  6 centaurs
  A wolf (shapeshifter) (D:8)
  A phantom (D:5)
  2 lemures (D:9)
  4 kobold brigands
  6 bullfrogs
  4 scorpions
  A wyvern zombie (D:7)
  A water moccasin zombie (D:7)
  A gnoll sergeant (D:3)
  13 wights
  A burial acolyte (D:7)
  16 killer bees
  A howler monkey (D:7)
  An electric eel (D:7)
  A crimson imp (D:3)
  A centaur zombie (D:7)
  3 bombardier beetles
  A human zombie (D:7)
  4 orc priests
  Crazy Yiuf (D:2)
  2 gnoll boudas
  3 jellies
  2 centaur skeletons (D:7)
  5 iguanas
  Terence (D:2)
  A sleepcap (D:6)
  11 orc wizards
  4 hell rats (Lair:1)
  A howler monkey zombie (D:7)
  Robin (D:2)
  6 adders
  10 gnolls
  3 white imps
  4 ufetubi
  2 dart slugs
  2 ribbon worms
  27 orcs
  6 ball pythons
  An endoplasm (D:3)
  A giant cockroach (D:2)
  13 goblins
  5 hobgoblins
  4 jackals (D:2)
  3 quokkas
  3 training dummies (D:5)
  6 bats
  2 frilled lizards
  27 kobolds
  2 rats (D:2)
329 creatures vanquished.

Vanquished Creatures (collateral kills)
  A blink frog (Lair:1)
  2 yaks (Lair:2)
  Menkaure (D:5)
  A water moccasin (Lair:2)
  An orc wizard (D:5)
  2 orcs (D:5)
8 creatures vanquished.

Vanquished Creatures (others)
  A wight (D:7)
  A goblin (D:2)
2 creatures vanquished.

Grand Total: 339 creatures vanquished

Table legend: (Time is in decaauts)
 A = Elapsed time spent in this place.
 B = Non-inter-level travel time spent in this place.
 C = Inter-level travel time spent in this place.
 D = Time resting spent in this place.
 E = Time spent auto-exploring this place.
 F = Levels seen in this place.
 G = Mean time per level.
                   A        B        C        D        E       F      G
               +--------+--------+--------+--------+--------+-----+--------+
         Total |  18050 |  17210 |    840 |   6973 |   7658 |  13 | 1388.5 |
       Dungeon |  13737 |  12971 |    766 |   4535 |   6531 |  10 | 1373.7 |
          Lair |   4313 |   4240 |     73 |   2437 |   1127 |   3 | 1437.7 |
               +--------+--------+--------+--------+--------+-----+--------+

Top non-repeatable levels by time:
  Lair:1: 2885 daAuts
     D:7: 2037 daAuts
     D:8: 1747 daAuts
     D:9: 1619 daAuts
  Lair:2: 1402 daAuts
     D:4: 1346 daAuts
     D:5: 1332 daAuts
     D:6: 1301 daAuts
     D:3: 1239 daAuts
     D:2: 1188 daAuts
    D:10: 1047 daAuts
     D:1: 878 daAuts
  Lair:3: 26 daAuts

Table legend:
 A = Non-vault XP
 B = Vault XP
 C = Vault XP percentage of total XP
 D = Non-vault monster count
 E = Vault monster count
 F = Vault count percentage of total count
                 A         B        C        D         E       F
            +---------+---------+-------+---------+---------+-------
      Total |   28895 |    5843 |  16.8 |     272 |      63 |  18.8
            +---------+---------+-------+---------+---------+-------
        D:1 |      11 |       0 |   0.0 |       6 |       0 |   0.0
        D:2 |      35 |     102 |  74.5 |      20 |       9 |  31.0
        D:3 |     116 |     143 |  55.2 |      14 |       3 |  17.6
        D:4 |      68 |     240 |  77.9 |       6 |      14 |  70.0
        D:5 |    1729 |     392 |  18.5 |      22 |       5 |  18.5
        D:6 |     280 |       0 |   0.0 |      10 |       0 |   0.0
        D:7 |    1356 |     736 |  35.2 |      32 |      13 |  28.9
        D:8 |    1482 |    1553 |  51.2 |      27 |      14 |  34.1
        D:9 |    2080 |     784 |  27.4 |      40 |       2 |   4.8
       D:10 |    1858 |     664 |  26.3 |      15 |       1 |   6.2
     Lair:1 |   10259 |     781 |   7.1 |      43 |       1 |   2.3
     Lair:2 |    8149 |     448 |   5.2 |      34 |       1 |   2.9
     Lair:3 |    1472 |       0 |   0.0 |       3 |       0 |   0.0
            +---------+---------+-------+---------+---------+-------
